 Dungeon Sprint DCSS version 0.24.1-14-gf8d2b509d9 (webtiles) character file.

Game seed: 4396144390939769421, levelgen mode: deterministic

0 Baz the Demonic Mishap (level 2, -1/24 HPs)
             Began as a Demonspawn Gladiator on Oct 3, 2020.
             Was an Initiate of Qazlal.
             Slain by a worker ant (7 damage)
             ... in the Dungeon (Sprint VI: "Thunderdome").
             The game lasted 00:01:22 (63 turns).

Baz the Demonic Mishap (Demonspawn Gladiator)         Turns: 63, Time: 00:01:22

Health: -1/24      AC:  4    Str: 14    XL:     2   Next: 75%
Magic:  5/5        EV: 13    Int:  9    God:    Qazlal [......]
Gold:   200        SH:  0    Dex: 14    Spells: 1/1 levels left

rFire    . . .     SeeInvis .   a - +0 war axe
rCold    . . .     Gourm    .   (no shield)
rNeg     . . .     Faith    .   b - +0 leather armour
rPois    .         Spirit   .   c - +0 helmet
rElec    .         Reflect  .   (no cloak)
rCorr    .         Harm     .   (no gloves)
MR       .....     NoTele   +   (no boots)
Stlth    +.........             (no amulet)
HPRegen  0.08/turn              (no ring)
MPRegen  0.09/turn              (no ring)

@: no status effects
A: powered by death 1
a: Renounce Religion


You were in the Dungeon.
You worshipped Qazlal.
Qazlal was noncommittal.
You were not hungry.

You visited 1 branch You collected 200 gold pieces.

Inventory:

Hand Weapons
 a - a +0 war axe (weapon)
Missiles
 d - 3 throwing nets (quivered)
Armour
 b - a +0 leather armour (worn)
 c - a +0 helmet (worn)
Wands
 l - a wand of acid (5)
 m - a wand of iceblast (4)
Scrolls
 k - 4 scrolls of blinking
 n - 3 scrolls of fog
Potions
 g - 4 potions of heal wounds
 h - 4 potions of haste
 i - 2 potions of magic
 o - 2 potions of resistance
Comestibles
 f - a ration
 j - a chunk of flesh


   Skills:
 + Level 3.0 Fighting
 + Level 3.3 Axes
 - Level 1.7 Throwing
 + Level 1.8 Armour
 + Level 3.3 Dodging
 * Level 4.0 Invocations


You had one spell level left.
You didn't know any spells.
Your spell library was empty.

Dungeon Overview and Level Annotations

Branches:
Dungeon (1/1)

Altars:
Cheibriados
Fedhas
Gozag
Qazlal
Ru
Sif Muna
Jiyva
Lugonu

Shops:
D ??:(


Innate Abilities, Weirdness & Mutations

You regenerate a little health from kills.


Message History

The worker ant misses you.
Unknown command.
You hit the worker ant.
The worker ant is severely wounded.
The worker ant closely misses you. The worker ant barely misses you.
Unknown command.
You hit the worker ant.
The worker ant is almost dead.
The worker ant bites you. x2
* * * LOW HITPOINT WARNING * * *
Unknown command.
You barely miss the worker ant.
The worker ant is almost dead.
The worker ant waves its antennae.
The worker ant bites you but does no damage.
Unknown command.
You barely miss the worker ant.
The worker ant is almost dead.
The worker ant closely misses you. The worker ant bites you!
You die...

#∩.......∩#
#_........#
#_......._#
#_......._#
###.........###
#⌠...........⌠#
#.8.........8.####
......###a.....___
...8. #@8.......
.....###..........
.# #...###.......
#.<.# .......
#...# ......
..###.. ......
..8. .8.......
..... ...... #.8..
...8.#


You could see a worker ant.

Vanquished Creatures
  A worker ant (D)
1 creature vanquished.

Notes
Turn   | Place    | Note
-------+----------+-------------------------------------------
     0 | D        | Baz the Demonspawn Gladiator began the quest for the Orb.
     0 | D        | Reached XP level 1. HP: 16/16 MP: 1/1
     1 | D        | Found a snail-covered altar of Cheibriados.
     1 | D        | Found a stormy altar of Qazlal.
     2 | D        | Found a corrupted altar of Lugonu.
     2 | D        | Found a blossoming altar of Fedhas.
     3 | D        | Found an opulent altar of Gozag.
     4 | D        | Found a sacrificial altar of Ru.
     4 | D        | Found a shimmering blue altar of Sif Muna.
     4 | D        | Found a viscous altar of Jiyva.
     4 | D        | Found Onoirch's Staff Store.
     4 | D        | Found Tuanoesi's Magic Scroll Shop.
     5 | D        | Found Vocsum's Must-Have Magic.
     5 | D        | Found Manut's Magic Scroll Shop.
     5 | D        | Round 1.
     7 | D        | Noticed a worker ant
     9 | D        | Became a worshipper of Qazlal Stormbringer
    25 | D        | Killed a worker ant
    25 | D        | Reached skill level 1 in Armour
    25 | D        | Reached skill level 4 in Invocations
    25 | D        | Gained mutation: You regenerate a little health from kills.
                  | [demonic ancestry]
    25 | D        | Reached XP level 2. HP: 4/24 MP: 1/5
    63 | D        | Slain by a worker ant

Levels and vault maps discovered:
D:        arena_sprint

Skill      XL: |  1 |
---------------+----+-----
Fighting       | 3 |  3.0
Axes           | 3 |  3.3
Armour         | 1 |  1.8
Dodging        | 3 |  3.3
Invocations    | 4 |  4.0
Throwing       | |  1.7

Action                   || total
-------------------------++-------
Melee: War axe           ||    14
Evoke: Wand              ||     1
  Use: Potion            ||     2
Armor: Leather armour    ||     2
Dodge: Dodged            ||    11
